 Dungeon Crawl Stone Soup version 0.31-a0-542-gdc2a67831c (webtiles) character file.

Game seed: 14251036142308247786

141929 Struenseez the Conqueror (level 17, -34/226 HPs)
             Began as an Ogre Berserker on July 31, 2023.
             Was the Champion of Trog.
             Killed from afar by a deep elf annihilator (64 damage)
             ... with an entropic shot
             ... on level 3 of the Elven Halls on Aug 14, 2023.
             The game lasted 02:50:15 (28965 turns).

Struenseez the Conqueror (Ogre Berserker)          Turns: 28965, Time: 02:50:20

Health: -34/226    AC: 15    Str: 29    XL:     17   Next: 34%
Magic:  17/17      EV:  9    Int:  8    God:    Trog [******]
Gold:   940        SH:  5    Dex: 18    Spells: 16/16 levels left

rFire   . . .        U - +3 hand axe "Ruble" {flame, rElec rF+ rN+ Dex+2}
rCold   + + .        (no shield)
rNeg    + + .        D - +0 ice dragon scales
rPois   +            (helmet restricted)
rElec   +            p - +0 cloak
rCorr   .            (gloves unavailable)
SInv    .            (boots unavailable)
Will    ++...        P - amulet of reflection Stlth
                     b - ring "Nodal Muv" {rPois rN+ Dex+6}
HPRegen 1.37/turn    G - ring of willpower
MPRegen 0.15/turn

%: reflection
@: no status effects
A: large, unfitting armour, tough skin 1, hooves 1, regeneration 1
a: Renounce Religion, Berserk, Trog's Hand, Brothers in Arms


You were on level 3 of the Elven Halls.
You worshipped Trog.
Trog was exalted by your worship.
You visited 4 branches of the dungeon, and saw 25 of its levels.
You also visited: Ice Cave and Volcano.

You collected 2858 gold pieces.
You spent 1918 gold pieces at shops.

Inventory:

Hand Weapons
 o - a +0 giant spiked club
 H - a +4 giant club of flaming
 K - a +3 mace of holy wrath
 T - the +11 whip of Doomed Watchfulness {freeze, rF+ Str+4}
   (You bought it in a shop on level 2 of the Orcish Mines)

   Str+4:     It affects your strength (+4).
   rF+:       It protects you from fire.
 U - the +3 hand axe "Ruble" (weapon) {flame, rElec rF+ rN+ Dex+2}
   (You found it on level 3 of the Elven Halls)

   Dex+2:     It affects your dexterity (+2).
   rF+:       It protects you from fire.
   rElec:     It insulates you from electricity.
   rN+:       It protects you from negative energy.
 X - a +5 antimagic giant spiked club
Missiles
 e - 12 javelins
 q - 11 boomerangs
 x - 23 large rocks (quivered)
Armour
 p - a +0 cloak (worn)
 D - +0 ice dragon scales (worn)
 O - the +4 robe of Augmentation {Str+4 Int+4 Dex+4}
   (You found it on level 9 of the Dungeon)

   Str+4:     It affects your strength (+4).
   Int+4:     It affects your intelligence (+4).
   Dex+4:     It affects your dexterity (+4).
 R - a +0 troll leather armour
 V - a +2 robe of fire resistance
Jewellery
 b - the ring "Nodal Muv" (left hand) {rPois rN+ Dex+6}
   (You took it off a deep elf blademaster on level 3 of the Elven Halls)

   [ring of dexterity]

   Dex+6:     It affects your dexterity (+6).
   rPois:     It protects you from poison rN+: It protects you from negative
   energy.
 g - a ring of poison resistance
 h - the amulet "Wuasu" {Regen+ Int+3 Dex+3}
   (You took it off a deep elf elementalist on level 3 of the Elven Halls)

   [amulet of regeneration]

   Int+3:     It affects your intelligence (+3).
   Dex+3:     It affects your dexterity (+3).
   Regen+:    It increases your rate of health regeneration.
 j - a ring of flight
 s - a ring of resist corrosion
 y - a ring of see invisible
 B - a +6 ring of dexterity
 E - a ring of protection from fire
 G - a ring of willpower (right hand)
 P - an amulet of reflection (around neck)
Wands
 n - a wand of flame (45)
 v - a wand of polymorph (6)
 J - a wand of mindburst (21)
 L - a wand of paralysis (11)
Scrolls
 a - 2 scrolls of summoning
 c - 4 scrolls of enchant armour
 d - 4 scrolls of enchant weapon
 i - 3 scrolls of blinking
 l - 16 scrolls of teleportation
 r - 2 scrolls of fog
 t - 8 scrolls of revelation
 A - 6 scrolls of poison
 F - a scroll of silence
 N - 2 scrolls of fear
Potions
 f - 14 potions of curing
 k - 7 potions of might
 m - 3 potions of brilliance
 u - 2 potions of cancellation
 w - 3 potions of mutation
 z - 5 potions of enlightenment
 C - 4 potions of resistance
 I - 6 potions of heal wounds
 M - 2 potions of attraction
 Q - 2 potions of ambrosia
 S - 2 potions of berserk rage
 W - 2 potions of invisibility


   Skills:
 O Level 27 Fighting
 + Level 12.2 Maces & Flails
 - Level 14.0 Throwing
 - Level 10.0 Armour
 - Level 3.0 Dodging


You had 16 spell levels left.
You didn't know any spells.
Your spell library contained the following spells:

 Spells                   Type           Power      Damage    Failure   Level
 Apportation              Tloc           0%         N/A       67%         1
 Magic Dart               Conj           0%         1d3       67%         1
 Sandblast                Erth           0%         2d4       67%         1
 Call Imp                 Summ           0%         N/A       80%         2
 Passwall                 Tmut/Erth      0%         N/A       80%         2
 Mephitic Cloud           Conj/Pois/Air  0%         N/A       95%         3
 Ozocubu's Armour         Ice            0%         N/A       95%         3
 Stone Arrow              Conj/Erth      0%         3d7       95%         3
 Alistair's Intoxication  Tmut/Pois      0%         N/A       100%        5
 Metabolic Englaciation   Hex/Ice        0%         N/A       100%        5
 Simulacrum               Ice/Necr       0%         N/A       100%        6


Dungeon Overview and Level Annotations

Branches:
Dungeon (15/15)              Lair (5/5) D:11          Swamp (0/4) Lair:2
 Spider (0/4) Lair:3        Slime (0/5) Lair:4          Orc (2/2) D:9
    Elf (3/3) Orc:2        Vaults (0/5) D:13         Depths (0/4) D:15
  IceCv (visited)         Volcano (visited)
 Temple: D:4-7

Altars:
Fedhas
Hepliaklqana
Sif Muna
Trog
Vehumet

Shops:
D:3 ([*(   D:7 (((!   Orc:2 :([*   Elf:2 !:=:

Annotations:
D:3 3 runed translucent doors, hackon's ghost, amateur OgFE
Elf:2 3 runed translucent doors, Roxanne


Innate Abilities, Weirdness & Mutations

You are too large for most types of armour.
You have tough skin. (AC +1)
You have large cloven feet.
Your natural rate of healing is unusually fast.


Message History

The crystal spear hits you!!!
* * * LOW HITPOINT WARNING * * *
You slash the ghostly deep elf death mage!
You burn the ghostly deep elf death mage.
Your kick misses the ghostly deep elf death mage.
The ghostly deep elf death mage is almost destroyed.
You hit the ghostly deep elf death mage.
You burn the ghostly deep elf death mage.
Your kick misses the ghostly deep elf death mage.
The ghostly deep elf death mage is almost destroyed.
You block the ghostly deep elf death mage's attack.
You completely miss the ghostly deep elf death mage.
Your kick misses the ghostly deep elf death mage.
The ghostly deep elf death mage is almost destroyed.
The deep elf sorcerer shouts, "You can't withstand my power!"
The ghostly deep elf death mage hits you but does no damage.
The deep elf annihilator casts a spell at you.
The entropic shot misses you.
The entropic shot hits the ghostly deep elf death mage!!
The ghostly deep elf death mage dissolves into mud!
The ghostly deep elf death mage is destroyed!
The deep elf annihilator hits you with a +0 long sword.
* * * LOW HITPOINT WARNING * * *
You see here a +0 long sword.
You slash the deep elf annihilator! You burn the deep elf annihilator.
You kick the deep elf annihilator.
The deep elf annihilator is severely wounded.
The deep elf annihilator casts a spell at you.
The entropic shot hits you!!
* * * LOW HITPOINT WARNING * * *
The deep elf sorcerer hits you with a +0 rapier.
* * * LOW HITPOINT WARNING * * *
You barely miss the deep elf annihilator.
You kick the deep elf annihilator.
The deep elf annihilator is severely wounded.
You slash the deep elf sorcerer! You burn the deep elf sorcerer.
The deep elf sorcerer hits you but does no damage.
The deep elf annihilator points at you and mumbles some strange words.
The entropic shot hits you!!!
You die...

#...........# #.# ...
##..........# #.# ....
##.))...)..# #.# .....
#'######'## #.# #######......
#.# #.# #.# #)..e...e.... #.#
#.# #.# #.###.e...... #.# #.#
#.# #§# #........ ###.#
#.####.###.###........
.##.######.)..)e@e)~.###.......
...............####### ...e...
################ #.....⌠ ......


You could see a deep elf annihilator and a deep elf sorcerer (fast).

Vanquished Creatures
  Saint Roka (Orc:1)
  2 deep elf blademasters (Elf:3)
  A deep elf master archer (Elf:3)
  4 deep elf elementalists (Elf:3)
  3 deep elf sorcerers
  An ironbound preserver (D:13)
  The ghost of Zigma the Metamorph, a journeyman DrSh of Dithmenos (D:14)
  2 deep elf demonologists
  A deep elf annihilator (Elf:3)
  4 deep elf death magi
  Josephine (Orc:1)
  A rakshasa (D:15)
  8 hydras
  4 catoblepae
  5 centaur warriors
  3 boulder beetles
  13 death yaks
  A death knight (D:14)
  2 two-headed ogres
  A hell hog (Volcano)
  2 tengu warriors (D:15)
  2 orc high priests
  Urug (Orc:2)
  10 dancing weapons
  A demonic crawler (Lair:5)
  Nergalle (D:11)
  3 skysharks
  7 deep elf knights
  A fire crab (Volcano)
  4 skeletal warriors (D:15)
  A bog body (IceCv)
  2 glowing orange brains
  A necromancer (IceCv)
  13 deep elf archers
  A lindwurm (Lair:2)
  20 deep elf pyromancers
  4 orc knights
  15 deep elf zephyrmancers
  5 manticores
  3 orc sorcerers
  9 ugly things
  5 cyclopes (D:15)
  3 black mambas
  A water nymph (shapeshifter) (D:15)
  A gargoyle (D:13)
  3 ice statues
  A torpor snail (Lair:4)
  6 molten gargoyles
  2 rime drakes
  19 cane toads
  7 komodo dragons
  5 kobold demonologists
  A freezing wraith (D:15)
  6 ice devils (IceCv)
  A tengu conjurer (D:15)
  5 anaconda simulacra (IceCv)
  3 trolls
  2 polar bears (Lair:4)
  Grinder (D:3)
  A hornet (D:9)
  A tyrant leech (Lair:5)
  13 blink frogs
  A dream sheep (Lair:4)
  3 jumping spiders (Lair:3)
  4 culicivoras (Lair:3)
  3 slime creatures (D:15)
  Sigmund (D:6)
  2 dire elephant simulacra (IceCv)
  4 air elementals
  3 shadows
  4 wyverns
  4 water elementals
  2 vampires
  4 wraiths
  A fire bat (Volcano)
  44 yaks
  3 steam dragons
  A death yak simulacrum (IceCv)
  2 redbacks (Lair:3)
  3 basilisks (Lair:4)
  9 vampire mosquitoes
  2 swamp worms (Lair:5)
  A harpy simulacrum (IceCv)
  2 hydra simulacra (IceCv)
  13 water moccasins
  4 hell hounds
  A meliai simulacrum (D:14)
  21 orc warriors
  2 sky beasts
  2 black bears
  11 centaurs
  15 wolves
  7 ogres
  A phantom (D:4)
  24 kobold brigands
  17 bullfrogs
  Blork the orc (Orc:2)
  A two-headed ogre simulacrum (IceCv)
  A gnoll sergeant (D:8)
  2 cane toad simulacra
  An earth elemental (Elf:2)
  3 scorpions
  8 wights
  13 killer bees
  2 elephant simulacra
  3 howler monkeys
  2 electric eels (D:15)
  5 lava snakes
  2 hounds
  15 orc priests
  6 jellies
  2 iguanas
  Jessica (D:2)
  A sleepcap (D:6)
  17 orc wizards
  Ijyb (D:3)
  A spriggan simulacrum (IceCv)
  2 polar bear simulacra
  A wolf simulacrum (Lair:5)
  8 adders
  12 gnolls
  A worm (D:2)
  2 dart slugs
  52 orcs
  4 endoplasms
  2 giant cockroaches (D:1)
  7 goblins
  5 hobgoblins
  4 jackals (D:2)
  3 quokkas
  4 ball pythons
  4 bats
  4 frilled lizards
  28 kobolds
  2 rats (D:2)
706 creatures vanquished.

Vanquished Creatures (collateral kills)
  An orc knight (Orc:1)
  2 deep elf zephyrmancers (Elf:3)
  An orc warrior (Elf:3)
4 creatures vanquished.

Vanquished Creatures (others)
  A deep elf death mage (Elf:3)
  A deep elf pyromancer (Elf:1)
  An orc wizard (Elf:3)
3 creatures vanquished.

Grand Total: 713 creatures vanquished

Notes
Turn   | Place    | Note
-------+----------+-------------------------------------------
     0 | D:1      | Struenseez the Ogre Berserker began the quest for the Orb.
     0 | D:1      | Reached XP level 1. HP: 24/24 MP: 1/1
   232 | D:1      | Reached XP level 2. HP: 32/32 MP: 2/2
   858 | D:2      | Reached XP level 3. HP: 40/40 MP: 3/3
   916 | D:2      | Reached ** piety under Trog
  1013 | D:2      | Reached skill level 5 in Fighting
  1275 | D:2      | Noticed Jessica
  1280 | D:2      | Killed Jessica
  1281 | D:2      | Reached XP level 4. HP: 44/52 MP: 4/4
  1686 | D:3      | Found Mixuliok's Weapon Boutique.
  1777 | D:3      | Noticed Ijyb
  1792 | D:3      | Killed Ijyb
  1793 | D:3      | Reached skill level 6 in Fighting
  1958 | D:3      | Reached XP level 5. HP: 59/59 MP: 5/5
  1983 | D:3      | Noticed an ogre
  1991 | D:3      | Killed an ogre
  1996 | D:3      | Found Sosmass's Antique Weapon Shop.
  2006 | D:3      | Found Ovifaz's Armour Shop.
  2051 | D:3      | Found Jiclarix's General Store.
  2057 | D:3      | Bought a scroll of teleportation for 33 gold pieces
  2057 | D:3      | Bought a potion of curing for 33 gold pieces
  2057 | D:3      | Bought a +0 cloak for 49 gold pieces
  2138 | D:3      | Noticed Grinder
  2138 | D:3      | Paralysed by Grinder for 5 turns
  2152 | D:3      | Killed Grinder
  2153 | D:3      | Reached skill level 8 in Fighting
  2153 | D:3      | Reached XP level 6. HP: 72/72 MP: 6/6
  2220 | D:3      | Found a runed translucent gate.
  2221 | D:3      | Found a runed translucent gate.
  2221 | D:3      | Found a runed translucent gate.
  2222 | D:3      | Noticed hackon's ghost (amateur OgFE)
  2484 | D:5      | Entered Level 5 of the Dungeon
  2536 | D:4      | Noticed a black bear
  2543 | D:4      | Killed a black bear
  2544 | D:4      | Reached skill level 5 in Maces & Flails
  2544 | D:4      | Reached XP level 7. HP: 80/80 MP: 7/7
  3626 | D:5      | Reached *** piety under Trog
  3877 | D:6      | Reached XP level 8. HP: 78/88 MP: 8/8
  4687 | D:6      | Noticed Sigmund
  4704 | D:6      | Killed Sigmund
  4859 | D:7      | Found Nimeim Lude's Weapon Boutique.
  5283 | D:7      | Reached XP level 9. HP: 52/96 MP: 9/9
  5422 | D:7      | Found Pusefo's Distillery.
  5451 | D:7      | Bought a potion of mutation for 88 gold pieces
  5451 | D:7      | Bought a potion of mutation for 88 gold pieces
  5451 | D:7      | Bought a potion of degeneration for 11 gold pieces
  5451 | D:7      | Gained mutation: You are clumsy. (Dex -2) [potion of
                  | mutation]
  5451 | D:7      | Gained mutation: Your spells are a little easier to cast,
                  | but a little less powerful. [potion of mutation]
  5451 | D:7      | Gained mutation: Your magical capacity is low. (-10% MP)
                  | [potion of mutation]
  5452 | D:7      | Lost mutation: You are clumsy. (Dex -2) [potion of
                  | mutation]
  5452 | D:7      | Lost mutation: Your magical capacity is low. (-10% MP)
                  | [potion of mutation]
  5452 | D:7      | Lost mutation: Your spells are a little easier to cast, but
                  | a little less powerful. [potion of mutation]
  5452 | D:7      | Gained mutation: You have large cloven feet. [potion of
                  | mutation]
  5452 | D:7      | Gained mutation: Your natural rate of healing is unusually
                  | fast. [potion of mutation]
  5594 | D:7      | Found Mehis's Antique Weapon Shop.
  5767 | D:7      | Reached skill level 10 in Maces & Flails
  5907 | D:7      | Found Ahoam's Antique Weapon Shop.
  5952 | D:8      | Noticed a two-headed ogre
  5958 | D:8      | Killed a two-headed ogre
  6380 | D:8      | Found a transporter.
  6413 | D:8      | Found a transporter.
  6423 | D:8      | Found a transporter.
  6448 | D:8      | Found a transporter.
  6762 | D:8      | Reached **** piety under Trog
  6900 | D:10     | Entered Level 10 of the Dungeon
  6999 | D:9      | Identified the +0 robe "Maneomp" {Stlth+}
  7032 | D:9      | Reached XP level 10. HP: 83/104 MP: 10/10
  7066 | D:9      | Reached skill level 9 in Fighting
  7109 | D:9      | Found a staircase to the Orcish Mines.
  7145 | D:9      | Found a shimmering blue altar of Sif Muna.
  7236 | D:9      | Reached skill level 10 in Fighting
  7356 | D:9      | Reached skill level 11 in Fighting
  7376 | D:9      | Found the +4 robe of Augmentation {Str+4 Int+4 Dex+4}
  7610 | D:9      | Reached skill level 12 in Fighting
  7630 | D:9      | Noticed a two-headed ogre
  7647 | D:9      | Killed a two-headed ogre
  7648 | D:9      | Reached skill level 13 in Fighting
  7899 | Orc:1    | Entered Level 1 of the Orcish Mines
  7899 | Orc:1    | Noticed an orc knight
  7947 | Orc:1    | Killed an orc knight
  7948 | Orc:1    | Reached skill level 14 in Fighting
  7948 | Orc:1    | Reached XP level 11. HP: 66/130 MP: 11/11
  8179 | Orc:2    | Entered Level 2 of the Orcish Mines
  8196 | Orc:2    | Noticed Josephine
  8286 | Orc:1    | Killed Josephine
  8287 | Orc:1    | Reached skill level 15 in Fighting
  8422 | Orc:2    | Noticed an orc knight
  8433 | Orc:2    | Noticed an orc high priest
  8446 | Orc:1    | Killed an orc knight
  8472 | Orc:2    | Noticed an orc knight
  8472 | Orc:2    | Noticed an orc knight
  8629 | Orc:2    | Killed an orc high priest
  8630 | Orc:2    | Reached skill level 16 in Fighting
  8723 | Orc:2    | Noticed an orc knight
  8794 | Orc:2    | Killed an orc knight
  8852 | Orc:2    | Noticed Urug
  8916 | Orc:2    | Killed Urug
  8957 | Orc:2    | Found a staircase to the Elven Halls.
  9020 | Orc:2    | Noticed Blork the orc
  9032 | Orc:2    | Killed Blork the orc
  9033 | Orc:2    | Reached ***** piety under Trog
  9037 | Orc:2    | Noticed Saint Roka
  9110 | Orc:1    | Reached skill level 17 in Fighting
  9451 | Orc:1    | Killed Saint Roka
  9452 | Orc:1    | Reached skill level 18 in Fighting
  9452 | Orc:1    | Reached XP level 12. HP: 54/152 MP: 12/12
  9661 | Orc:2    | Reached skill level 19 in Fighting
  9714 | Orc:2    | Found Mofiplae's Book Emporium.
  9725 | Orc:2    | Found Cuhewist's Antique Weapon Emporium.
  9744 | Orc:2    | Bought an iridescent whip for 195 gold pieces
  9744 | Orc:2    | Identified the +11 whip of Doomed Watchfulness {freeze, rF+
                  | Str+4} (You bought it in a shop on level 2 of the Orcish
                  | Mines)
  9768 | Orc:2    | Found Gunon's General Store.
  9774 | Orc:2    | Bought a potion of lignification for 39 gold pieces
  9774 | Orc:2    | Bought a potion of heal wounds for 65 gold pieces
  9774 | Orc:2    | Bought a potion of curing for 39 gold pieces
  9774 | Orc:2    | Bought a scroll of noise for 13 gold pieces
  9967 | Orc:2    | Found Teunal's Antique Armour Emporium.
  9973 | Orc:2    | Bought an embroidered robe for 70 gold pieces
 10086 | Orc:2    | Upgraded the game from 0.31-a0-430-gf8416d752b to
                  | 0.31-a0-489-g282fc92437
 10326 | D:10     | Reached skill level 20 in Fighting
 10736 | D:10     | Found a hazy altar of Hepliaklqana.
 10736 | D:10     | Found a blossoming altar of Fedhas.
 10738 | D:10     | Found a radiant altar of Vehumet.
 10961 | D:11     | Noticed Nergalle
 10972 | D:11     | Killed Nergalle
 11474 | D:11     | Found a staircase to the Lair.
 11692 | Lair:1   | Entered Level 1 of the Lair of Beasts
 11755 | Lair:1   | Noticed a death yak
 11766 | Lair:1   | Killed a death yak
 11767 | Lair:1   | Reached skill level 21 in Fighting
 11767 | Lair:1   | Noticed a death yak
 11767 | Lair:1   | Noticed a death yak
 11788 | Lair:1   | Killed a death yak
 11788 | Lair:1   | Noticed a death yak
 11789 | Lair:1   | Noticed a death yak
 11790 | Lair:1   | Noticed a death yak
 11815 | Lair:1   | Received a gift from Trog
 11924 | Lair:1   | Reached XP level 13. HP: 130/171 MP: 13/13
 11975 | Lair:1   | Reached skill level 22 in Fighting
 12088 | Lair:1   | Found a dark tunnel.
 12102 | Volcano  | Entered a volcano
 12215 | Volcano  | Found a radiant altar of Vehumet.
 12680 | Lair:1   | Reached skill level 23 in Fighting
 13547 | Lair:2   | Found a staircase to the Swamp.
 13772 | Lair:2   | Reached skill level 24 in Fighting
 14559 | D:12     | Received a gift from Trog
 15098 | D:13     | Noticed an ironbound preserver
 15135 | D:13     | Killed an ironbound preserver
 15149 | D:13     | Found a gate to the Vaults.
 15454 | Lair:4   | Reached XP level 14. HP: 179/189 MP: 14/14
 15463 | Lair:4   | Reached skill level 25 in Fighting
 15465 | Lair:4   | Reached skill level 1 in Throwing
 15551 | Lair:4   | Found a staircase to the Slime Pits.
 15682 | Lair:3   | Found a hole to the Spider Nest.
 16836 | Lair:5   | Entered Level 5 of the Lair of Beasts
 16975 | Lair:5   | Reached skill level 5 in Throwing
 17305 | Lair:5   | Found a frozen archway.
 17332 | Lair:5   | Reached ****** piety under Trog
 17338 | IceCv    | Entered an ice cave
 17768 | IceCv    | Received a gift from Trog
 17783 | IceCv    | Reached skill level 26 in Fighting
 19099 | Lair:4   | Reached XP level 15. HP: 178/205 MP: 15/15
 19686 | Lair:5   | Reached skill level 27 in Fighting
 20804 | D:13     | Received a gift from Trog
 20877 | D:13     | Reached skill level 10 in Throwing
 21293 | D:14     | Found a large runed translucent door.
 21293 | D:14     | Found a large runed translucent door.
 21294 | D:14     | Noticed Zigma's ghost (journeyman DrSh)
 21380 | D:14     | Upgraded the game from 0.31-a0-489-g282fc92437 to
                  | 0.31-a0-506-g3d79149578
 21455 | D:14     | Found a hazy altar of Hepliaklqana.
 21653 | D:15     | Entered Level 15 of the Dungeon
 21922 | D:14     | Killed Zigma's ghost
 22258 | D:15     | Found a bloodstained altar of Trog.
 22935 | D:15     | Upgraded the game from 0.31-a0-506-g3d79149578 to
                  | 0.31-a0-516-gfcb59812bd
 23000 | D:15     | Reached XP level 16. HP: 161/217 MP: 16/16
 23158 | D:15     | Upgraded the game from 0.31-a0-516-gfcb59812bd to
                  | 0.31-a0-542-gdc2a67831c
 23551 | D:15     | Found a staircase to the Depths.
 23992 | D:7      | Bought a jewelled falchion for 200 gold pieces
 23992 | D:7      | Identified the +2 falchion of Bright Punishment {speed,
                  | Dex+5} (You bought it in a shop on level 7 of the Dungeon)
 23992 | D:7      | Bought a transparent long sword for 212 gold pieces
 23992 | D:7      | Identified the +8 long sword "Quhaxeoxt" {freeze, MP+9
                  | Dex+3} (You bought it in a shop on level 7 of the Dungeon)
 24302 | Elf:1    | Entered Level 1 of the Elven Halls
 24309 | Elf:1    | Paralysed by an air elemental for 1 turns
 24373 | Elf:1    | Found a radiant altar of Vehumet.
 24394 | Elf:1    | Reached skill level 1 in Armour
 25181 | Elf:1    | Paralysed by an air elemental for 1 turns
 25460 | Elf:1    | Received a gift from Trog
 25487 | Elf:1    | Reached skill level 5 in Armour
 25809 | Elf:2    | Noticed Roxanne
 26298 | Elf:3    | Entered Level 3 of the Elven Halls
 26326 | Elf:2    | Paralysed by an air elemental for 1 turns
 26480 | Elf:2    | Found a runed translucent gate.
 26481 | Elf:2    | Found a runed translucent gate.
 26485 | Elf:2    | Found a runed translucent gate.
 26577 | Elf:2    | Found Burue's Distillery.
 26583 | Elf:2    | Paralysed by an air elemental for 1 turns
 26591 | Elf:2    | Paralysed by an air elemental for 1 turns
 26599 | Elf:2    | Bought a potion of curing for 48 gold pieces
 26599 | Elf:2    | Bought a potion of berserk rage for 80 gold pieces
 26599 | Elf:2    | Bought a potion of attraction for 48 gold pieces
 26599 | Elf:2    | Bought a potion of heal wounds for 80 gold pieces
 26599 | Elf:2    | Bought a potion of cancellation for 128 gold pieces
 26599 | Elf:2    | Bought a potion of might for 64 gold pieces
 26599 | Elf:2    | Bought a potion of heal wounds for 80 gold pieces
 26847 | Elf:2    | Found Gygrem's Book Shop.
 26848 | Elf:2    | Found Hisapn's Jewellery Emporium.
 26849 | Elf:2    | Found Qic Zeih's Book Shop.
 26897 | Elf:2    | Bought a ring of see invisible for 255 gold pieces
 27216 | Elf:3    | Identified the +3 hand axe "Ruble" {flame, rElec rF+ rN+
                  | Dex+2}
 27690 | Elf:3    | Received a gift from Trog
 27701 | Elf:3    | Reached XP level 17. HP: 79/179 MP: 17/17
 27757 | Elf:3    | HP: 5/187 [deep elf knight/+0 scimitar (14)]
 27913 | Elf:3    | Found a radiant altar of Vehumet.
 28051 | Elf:3    | Noticed a deep elf master archer
 28096 | Elf:3    | Killed a deep elf master archer
 28288 | Elf:3    | Identified the ring "Nodal Muv" {rPois rN+ Dex+6}
 28288 | Elf:3    | Noticed a deep elf blademaster
 28353 | Elf:3    | Killed a deep elf blademaster
 28571 | Elf:3    | Noticed a deep elf blademaster
 28585 | Elf:3    | Killed a deep elf blademaster
 28648 | Elf:3    | Identified the amulet "Wuasu" {Regen+ Int+3 Dex+3}
 28723 | Elf:3    | Identified the +1 glaive "Tuker" {vamp, Fragile Int+7}
 28850 | Elf:3    | Reached skill level 10 in Armour
 28965 | Elf:3    | Killed from afar by a deep elf annihilator

Illustrated notes

Levels and vault maps discovered:
D:1:      spicycebolla_arrival_clurvy, layout_basic
D:2:      layout_loops_ring, serial_park_tiny_2, kennysheep_generic_room_14,
          uniq_jessica
D:3:      layout_basic, serial_shops, shop, nicolae_lakefront_shop, shop, shop,
          ebering_ghost_rock_garden, uniq_ijyb, uniq_grinder
D:4:      layout_basic, chequers_serial_rivers_small_3, minmay_cut_off
D:5:      layout_gridville, minmay_temple_entry_arrows
D:6:      layout_loops_ring, sigmund_army
D:7:      layout_basic, serial_shops, nicolae_shop_back_alley_shop, shop,
          nicolae_shop_trees, nicolae_shop_industrial_runoff
D:8:      layout_rooms, nicolae_transporter_intersection
D:9:      layout_basic, mainiacjoe_overflow_cross_hatched
D:10:     layout_roguey [special_room_kobold],
          chequers_temple_overflow_statue_of_worship
D:11:     layout_loops_ring, grunt_lair_entry_orc_guard_hut, uniq_nergalle
D:12:     layout_loops_ring
D:13:     layout_cross, hellmonk_vaults_order_and_chaos
D:14:     layout_roguey, nicolae_hepliaklqana_hazy_memory,
          ebering_ghost_disaster_area
D:15:     gammafunk_enter_depths_forms, layout_basic, lemuel_doored_altar,
          hangedman_decor_opposing, minivault_8
Lair:1:   layout_cave_pods, enter_volcano_3, grunt_megastairs_4
Lair:2:   layout_hall_layers, minmay_swamp_entry_worms
Lair:3:   layout_layer_cave, nicolae_spider_entry_tight_spaces,
          serial_bayou_shore_a
Lair:4:   nzn_winding_woodlands_medium [nzn_winding_woodlands_5x5_three,
          nzn_winding_woodlands_5x15_longhouse,
          nzn_winding_woodlands_5x5_perimeter,
          nzn_winding_woodlands_5x5_checkerboard,
          nzn_winding_woodlands_center_lodge,
          nzn_winding_woodlands_5x5_closed_star,
          nzn_winding_woodlands_5x5_cross, nzn_winding_woodlands_5x15_pockets,
          nzn_winding_woodlands_5x5_open_star], layout_regular_city,
          nicolae_slime_entry_field_trip
Lair:5:   evilmike_catoblepas_cave, layout_regular_city,
          portal_ice_cave_entry_ice_simulacra, nicolae_quartered_pool_little,
          worms_lemuel
Orc:1:    layout_caves
Orc:2:    grunt_orc_cross, layout_diamond_mine, uniq_urug, uniq_josephine
Elf:1:    eino_elf_arrival_altar, layout_geoelf_grid, minmay_elf_demonology
Elf:2:    nicolae_elf_blades_splatter_lattice [mumra_blade_entry_bloodbath],
          layout_geoelf_diagonals, serial_shops, nicolae_shop_rolling_square,
          kb_rosetta, minmay_shop_grove, uniq_roxanne
Elf:3:    minmay_elf_hall_quartered_circle, layout_gridlike, basic_altar

Skill      XL: |  1  2  3  4  5  6  7  8  9 10 11 12 13 14 15 16 17 |
---------------+----------------------------------------------------+-----
Maces & Flails | 3 4 5 6 9 11 12 | 12.2
Dodging        | 3 |  3.0
Fighting       | 5 6 8 14 18 21 24 26 27 | 27.0
Throwing       | 7 12 14 | 14.0
Armour         | 8 10 | 10.0

Action                     |  1- 3 |  4- 6 |  7- 9 | 10-12 | 13-15 | 16-18 || total
---------------------------+-------+-------+-------+-------+-------+-------++-------
  Melee: Mace              |    52 |       |       |       |       |       ||    52
         Whip              |    49 |    57 |   364 |   757 |  1026 |   473 ||  2726
         Kick              |       |       |    32 |   251 |   488 |   215 ||   986
         Punch             |       |       |     2 |     6 |    31 |     7 ||    46
         Short sword       |       |       |       |    34 |       |       ||    34
         Broad axe         |       |       |       |       |   113 |       ||   113
         Great mace        |       |       |       |       |     2 |       ||     2
         Hand axe          |       |       |       |       |       |    99 ||    99
  Throw: Javelin           |       |       |       |       |    34 |     1 ||    35
         Boomerang         |       |       |       |       |       |    15 ||    15
         Large rock        |       |       |       |       |       |    22 ||    22
 Invoke: Berserk           |       |     3 |     7 |    10 |     2 |     2 ||    24
         Trog's Hand       |       |       |       |     4 |       |     1 ||     5
         Brothers in Arms  |       |       |       |     1 |       |     1 ||     2
    Use: Potion            |       |       |     2 |     2 |       |     2 ||     6
         Scroll            |       |       |       |     3 |    16 |     3 ||    22
   Stab: Sleeping          |     1 |       |       |       |       |       ||     1
 Armour: Animal skin       |    34 |    15 |    48 |       |       |       ||    97
         Robe              |       |       |     3 |   125 |    96 |       ||   224
         Ice dragon scales |       |       |       |       |   142 |   100 ||   242
  Dodge: Dodged            |    51 |    16 |   114 |   210 |   267 |   109 ||   767
  Block: Other             |       |       |       |    88 |   143 |    61 ||   292
         Reflection        |       |       |       |     5 |    11 |     8 ||    24

Table legend: (Time is in decaauts)
 A = Elapsed time spent in this place.
 B = Non-inter-level travel time spent in this place.
 C = Inter-level travel time spent in this place.
 D = Time resting spent in this place.
 E = Time spent auto-exploring this place.
 F = Levels seen in this place.
 G = Mean time per level.
                   A        B        C        D        E       F      G
               +--------+--------+--------+--------+--------+-----+--------+
         Total |  28059 |  25036 |   3023 |   4071 |  13942 |  27 | 1039.2 |
       Dungeon |  13492 |  12215 |   1277 |   1471 |   7872 |  15 |  899.5 |
          Lair |   6607 |   5421 |   1186 |    283 |   3657 |   5 | 1321.4 |
  Orcish Mines |   2297 |   2150 |    147 |    502 |    906 |   2 | 1148.5 |
   Elven Halls |   4375 |   3963 |    412 |   1215 |   1400 |   3 | 1458.3 |
      Ice Cave |   1055 |   1055 |      0 |    599 |    107 |   1 | 1055.0 |
       Volcano |    231 |    231 |      0 |      0 |      0 |   1 |  231.0 |
               +--------+--------+--------+--------+--------+-----+--------+

Top non-repeatable levels by time:
   Elf:1: 1670 daAuts
  Lair:1: 1662 daAuts
    D:15: 1546 daAuts
   Elf:3: 1501 daAuts
  Lair:5: 1462 daAuts
     D:6: 1426 daAuts
   Orc:2: 1346 daAuts
  Lair:4: 1267 daAuts
   Elf:2: 1203 daAuts
     D:7: 1165 daAuts
  Lair:3: 1130 daAuts
  Lair:2: 1085 daAuts
     D:9: 1083 daAuts
   IceCv: 1055 daAuts
     D:4: 1010 daAuts
